TOP OF THE 1ST |
South Bend Cubs batting - Pitching for Kane County Cougars : RHP Travis Plesz
|
Pitching: RHP Travis Plesz
|
|
Batting: RHB Jason Ostrom
|
0-0: Ball 1-0: Called Strike 1-1: Swinging Strike 1-2: Foul Ball, location: 2F 1-2: Fly out, F9 (Line Drive, 9, EV 103.8 MPH)
|
Batting: LHB Bill Tardiff
|
0-0: Ball 1-0: Ball 2-0: Fly out, F9 (Flyball, 89S, EV 88.8 MPH)
|
Batting: LHB Mike DiNardo
|
0-0: Called Strike 0-1: Ground out U3 (Groundball, 3, EV 76.9 MPH)
|
Top of the 1st over - 0 runs, 0 hits, 0 errors, 0 left on base; South Bend 0 - Kane County 0 |
BOTTOM OF THE 1ST |
Kane County Cougars batting - Pitching for South Bend Cubs : LHP Jose Carrillo
|
Pitching: LHP Jose Carrillo
|
|
Batting: RHB Dave Vargas
|
0-0: Ball 1-0: Called Strike 1-1: Ball 2-1: Ball 3-1: Foul Ball, location: 2F 3-2: Foul Ball, location: 2F 3-2: Foul Ball, location: 2F 3-2: Base on Balls
|
Batting: RHB Franklin Villanueva
|
Balk! Dave Vargas to second 0-0: 2-RUN HOME RUN (Flyball, 7LD, EV 92.5 MPH), Distance : 364 ft
|
Batting: RHB Matt Maxwell
|
0-0: Ball 1-0: Ball 2-0: Foul Ball, location: 2F 2-1: Foul Ball, location: 2F 2-2: Foul Ball, location: 2F 2-2: Ground out 4-3 (Groundball, 4, EV 85.0 MPH)
|
Batting: RHB Marlon Reda
|
0-0: Ball 1-0: Called Strike 1-1: Foul Ball, location: 2F 1-2: Ground out 4-3 (Groundball, 4, EV 101.2 MPH)
|
Batting: RHB John Pena
|
0-0: Ball 1-0: Ball 2-0: Called Strike 2-1: Swinging Strike 2-2: Ball 3-2: Base on Balls
|
Pitching: RHP Jason Scott
|
|
Batting: RHB Wes Santiago
|
0-0: SINGLE (Groundball, 34D, EV 105.0 MPH) John Pena to second Runner from 2nd tries for 3rd, SAFE, throw by RF made to third
|
Batting: RHB Jason Rivers
|
0-0: Called Strike 0-1: Ball 1-1: Swinging Strike 1-2: Ball 2-2: DOUBLE (Line Drive, 89XD, EV 106.2 MPH) John Pena scores Wes Santiago to third
|
Batting: LHB T.J. Duvall
|
0-0: Called Strike 0-1: Swinging Strike 0-2: Strikes out swinging
|
Bottom of the 1st over - 3 runs, 3 hits, 0 errors, 2 left on base; South Bend 0 - Kane County 3 |
TOP OF THE 2ND |
South Bend Cubs batting - Pitching for Kane County Cougars : RHP Travis Plesz
|
Batting: LHB Shuan-yan Wu
|
0-0: Ball 1-0: Called Strike 1-1: Fly out, F6 (Popup, 6MD, EV 44.4 MPH)
|
Batting: LHB Andy Bordeaux
|
0-0: Ball 1-0: Ball 2-0: Ball 3-0: Base on Balls
|
Batting: RHB Omar Novoa
|
0-0: Ball 1-0: SINGLE (Flyball, 6MD, EV 85.0 MPH) Andy Bordeaux to second
|
Batting: LHB Jim Polson
|
0-0: Ball 1-0: Fielders Choice at 2nd, 3-6 (Groundball, 3, EV 88.8 MPH) Andy Bordeaux to third
|
Batting: RHB John Madden
|
0-0: Ball 1-0: Foul Ball, location: 2F 1-1: Foul Ball, location: 2F 1-2: Foul Ball, location: 2F 1-2: Ball 2-2: Ground out 1-3 (Groundball, 13S, EV 63.8 MPH)
|
Top of the 2nd over - 0 runs, 1 hit, 0 errors, 2 left on base; South Bend 0 - Kane County 3 |
BOTTOM OF THE 2ND |
Kane County Cougars batting - Pitching for South Bend Cubs : RHP Jason Scott
|
Batting: RHB Mike Persinger
|
0-0: Called Strike 0-1: Ball 1-1: Ball 2-1: Ball 3-1: Foul Ball, location: 2F 3-2: SINGLE (Groundball, 4MD, EV 98.1 MPH)
|
Batting: RHB Dave Vargas
|
0-0: Foul Ball, location: 2F 0-1: Ball 1-1: Called Strike 1-2: Ball 2-2: Foul Ball, location: 2F 2-2: SINGLE (Flyball, 8LS, EV 95.6 MPH) Mike Persinger to second
|
Pitching: RHP Jean-Paul Lefebvre
|
|
Batting: RHB Franklin Villanueva
|
0-0: Called Strike 0-1: Called Strike 0-2: Ball 1-2: Fly out, F8 (Flyball, 8RD, EV 86.9 MPH)
|
Batting: RHB Matt Maxwell
|
0-0: Ball 1-0: Foul Ball, location: 2F 1-1: Ball 2-1: Ball 3-1: Base on Balls Mike Persinger to third Dave Vargas to second
|
Batting: RHB Marlon Reda
|
0-0: Ball 1-0: Grounds into fielders choice U2 (Groundball, 13S, EV 64.4 MPH) Dave Vargas to third Matt Maxwell to second
|
Batting: RHB John Pena
|
0-0: Fly out, F7 (Flyball, 78M, EV 78.8 MPH)
|
Bottom of the 2nd over - 0 runs, 2 hits, 0 errors, 3 left on base; South Bend 0 - Kane County 3 |
TOP OF THE 3RD |
South Bend Cubs batting - Pitching for Kane County Cougars : RHP Travis Plesz
|
Batting: SHB Alvaro Andrade
|
0-0: Called Strike 0-1: Ball 1-1: Swinging Strike 1-2: Strikes out looking
|
Batting: RHB Jason Ostrom
|
0-0: Ball 1-0: Swinging Strike 1-1: Ball 2-1: Called Strike 2-2: Foul Ball, location: 2F 2-2: Strikes out looking
|
Batting: LHB Bill Tardiff
|
0-0: Ground out U3 (Groundball, 3S, EV 88.8 MPH)
|
Top of the 3rd over - 0 runs, 0 hits, 0 errors, 0 left on base; South Bend 0 - Kane County 3 |
BOTTOM OF THE 3RD |
Kane County Cougars batting - Pitching for South Bend Cubs : RHP Jean-Paul Lefebvre
|
Batting: RHB Wes Santiago
|
0-0: Ball 1-0: Foul Ball, location: 2F 1-1: Ball 2-1: Ball 3-1: Foul Ball, location: 2F 3-2: Base on Balls
|
Pitching: RHP Daniel Sullivan
|
|
Batting: RHB Jason Rivers
|
0-0: Ball 1-0: Foul Ball, location: 2F 1-1: Ball 2-1: Ball 3-1: Base on Balls Wes Santiago to second
|
Batting: LHB T.J. Duvall
|
0-0: Called Strike 0-1: Ball 1-1: Ball 2-1: SINGLE (Groundball, 4MD, EV 100.6 MPH) Wes Santiago to third Jason Rivers to second Runner from 3rd tries for Home, SAFE, throw by CF to home
|
Batting: RHB Mike Persinger
|
0-0: Called Strike 0-1: Foul Ball, location: 2F 0-2: Reached on error, E6 (Groundball, 6, EV 87.5 MPH) Jason Rivers to third T.J. Duvall to second
|
Batting: RHB Dave Vargas
|
0-0: Foul Ball, location: 2F 0-1: Foul Ball, location: 2F 0-2: SINGLE (Groundball, 6MD, EV 96.9 MPH) Jason Rivers scores T.J. Duvall to third Mike Persinger to second
|
Batting: RHB Franklin Villanueva
|
0-0: Grounds into fielders choice 1-2 (Groundball, 13S, EV 63.1 MPH) Mike Persinger to third Dave Vargas to second
|
Batting: RHB Matt Maxwell
|
0-0: Ball 1-0: Ball 2-0: Ball 3-0: Base on Balls Mike Persinger scores Dave Vargas to third Franklin Villanueva to second
|
Pitching: RHP Devin Ward
|
|
Batting: RHB Marlon Reda
|
0-0: Swinging Strike 0-1: Grounds into double play, 5-4-3 (Groundball, 56S, EV 83.1 MPH)
|
Bottom of the 3rd over - 3 runs, 2 hits, 1 error, 2 left on base; South Bend 0 - Kane County 6 |
TOP OF THE 4TH |
South Bend Cubs batting - Pitching for Kane County Cougars : RHP Travis Plesz
|
Batting: LHB Mike DiNardo
|
0-0: Ball 1-0: SINGLE (Line Drive, 8RS, EV 106.9 MPH)
|
Batting: LHB Shuan-yan Wu
|
0-0: Called Strike 0-1: Foul Ball, location: 2F 0-2: Ball 1-2: Strikes out swinging
|
Batting: LHB Andy Bordeaux
|
0-0: Fly out, F4 (Popup, 4, EV 74.4 MPH)
|
Batting: RHB Omar Novoa
|
0-0: Called Strike 0-1: Ball 1-1: Foul Ball, location: 2F 1-2: Fly out, F6 (Flyball, 56D, EV 87.5 MPH)
|
Top of the 4th over - 0 runs, 1 hit, 0 errors, 1 left on base; South Bend 0 - Kane County 6 |
BOTTOM OF THE 4TH |
Kane County Cougars batting - Pitching for South Bend Cubs : RHP Devin Ward
|
Batting: RHB John Pena
|
0-0: Called Strike 0-1: Ball 1-1: Foul Ball, location: 2F 1-2: Fly out, F8 (Flyball, 78S, EV 85.6 MPH)
|
Batting: RHB Wes Santiago
|
0-0: Ball 1-0: Called Strike 1-1: Swinging Strike 1-2: Strikes out swinging
|
Batting: RHB Jason Rivers
|
0-0: Ball 1-0: DOUBLE (Line Drive, 7LS, EV 106.9 MPH)
|
Batting: LHB T.J. Duvall
|
0-0: Ball 1-0: Ball 2-0: Ball 3-0: Called Strike 3-1: Base on Balls
|
Batting: RHB Mike Persinger
|
0-0: Called Strike 0-1: Swinging Strike 0-2: SINGLE (Line Drive, 7S, EV 91.9 MPH) Jason Rivers to third T.J. Duvall to second
|
Pitching: RHP Eric Allen
|
|
Batting: RHB Dave Vargas
|
0-0: Ball 1-0: Called Strike 1-1: Swinging Strike 1-2: Ball 2-2: Foul Ball, location: 2F 2-2: Foul Ball, location: 2F 2-2: Foul Ball, location: 2F 2-2: Strikes out swinging
|
Bottom of the 4th over - 0 runs, 2 hits, 0 errors, 3 left on base; South Bend 0 - Kane County 6 |
TOP OF THE 5TH |
South Bend Cubs batting - Pitching for Kane County Cougars : RHP Travis Plesz
|
Batting: LHB Jim Polson
|
0-0: Called Strike 0-1: Called Strike 0-2: Strikes out swinging
|
Batting: RHB John Madden
|
0-0: Fly out, F9 (Flyball, 9, EV 89.4 MPH)
|
Batting: SHB Alvaro Andrade
|
0-0: Ball 1-0: Ground out U3 (Groundball, 3, EV 91.9 MPH)
|
Top of the 5th over - 0 runs, 0 hits, 0 errors, 0 left on base; South Bend 0 - Kane County 6 |
BOTTOM OF THE 5TH |
Kane County Cougars batting - Pitching for South Bend Cubs : RHP Eric Allen
|
Batting: RHB Franklin Villanueva
|
0-0: Ball 1-0: Called Strike 1-1: Ball 2-1: Ball 3-1: Foul Ball, location: 2F 3-2: Base on Balls
|
Batting: RHB Matt Maxwell
|
0-0: Ball 1-0: Fly out, F8 (Flyball, 8RS, EV 88.1 MPH)
|
Batting: RHB Marlon Reda
|
0-0: Called Strike 0-1: Foul Ball, location: 2F 0-2: Ball 1-2: Ball 2-2: SINGLE (Groundball, 5D, EV 101.9 MPH) Franklin Villanueva to second
|
Pitching: RHP Josh Deyo
|
|
Batting: RHB John Pena
|
0-0: Ball 1-0: Ball 2-0: Ball 3-0: Called Strike 3-1: Base on Balls Franklin Villanueva to third Marlon Reda to second
|
Batting: RHB Wes Santiago
|
0-0: Called Strike 0-1: Swinging Strike 0-2: Foul Ball, location: 2F 0-2: Fly out, F3 (Line Drive, 3, EV 66.9 MPH) Lined into DP, U3 (Line Drive, 3, EV 66.9 MPH)
|
Bottom of the 5th over - 0 runs, 1 hit, 0 errors, 2 left on base; South Bend 0 - Kane County 6 |
TOP OF THE 6TH |
South Bend Cubs batting - Pitching for Kane County Cougars : RHP Travis Plesz
|
Batting: RHB Jason Ostrom
|
0-0: Ball 1-0: Ball 2-0: Ball 3-0: Called Strike 3-1: Ground out 6-3 (Groundball, 6MS, EV 69.4 MPH)
|
Batting: LHB Bill Tardiff
|
0-0: Ball 1-0: Ball 2-0: Ground out 5-3 (Groundball, 56, EV 86.9 MPH)
|
Batting: LHB Mike DiNardo
|
0-0: Called Strike 0-1: Called Strike 0-2: Ball 1-2: Ball 2-2: Foul Ball, location: 2F 2-2: Strikes out swinging
|
Top of the 6th over - 0 runs, 0 hits, 0 errors, 0 left on base; South Bend 0 - Kane County 6 |
BOTTOM OF THE 6TH |
Kane County Cougars batting - Pitching for South Bend Cubs : RHP Josh Deyo
|
Batting: RHB Jason Rivers
|
0-0: DOUBLE (Line Drive, 9LM, EV 102.5 MPH)
|
Batting: LHB T.J. Duvall
|
0-0: Ball 1-0: Foul Ball, location: 2F 1-1: Called Strike 1-2: Foul Ball, location: 2F 1-2: Ball 2-2: Ground out 5-3 (Groundball, 15, EV 85.0 MPH)
|
Batting: RHB Mike Persinger
|
0-0: Called Strike 0-1: Ball 1-1: Ball 2-1: Swinging Strike 2-2: Ground out 6-3 (Groundball, 6, EV 83.1 MPH)
|
Pitching: LHP Nate George
|
|
Batting: RHB Dave Vargas
|
0-0: Ball 1-0: Called Strike 1-1: Ball 2-1: Ball 3-1: Base on Balls
|
Batting: RHB Franklin Villanueva
|
0-0: Swinging Strike 0-1: SINGLE (Groundball, 4D, EV 106.2 MPH) Jason Rivers to third Dave Vargas to second
|
Batting: RHB Matt Maxwell
|
0-0: Swinging Strike 0-1: Ball 1-1: Ball 2-1: Ball 3-1: Base on Balls Jason Rivers scores Dave Vargas to third Franklin Villanueva to second
|
Batting: RHB Marlon Reda
|
0-0: Ball 1-0: Ball 2-0: Ball 3-0: Called Strike 3-1: Foul Ball, location: 2F 3-2: Base on Balls Dave Vargas scores Franklin Villanueva to third Matt Maxwell to second
|
Batting: RHB John Pena
|
0-0: Ball 1-0: Ball 2-0: Called Strike 2-1: Swinging Strike 2-2: Reached on error, E6 (Groundball, 6, EV 105.6 MPH) Franklin Villanueva scores Matt Maxwell to third Marlon Reda to second
|
Batting: RHB Wes Santiago
|
0-0: Ball 1-0: Ball 2-0: Foul Ball, location: 2F 2-1: Ball 3-1: Foul Ball, location: 2F 3-2: Strikes out swinging
|
Bottom of the 6th over - 3 runs, 2 hits, 1 error, 3 left on base; South Bend 0 - Kane County 9 |
TOP OF THE 7TH |
South Bend Cubs batting - Pitching for Kane County Cougars : RHP Travis Plesz
|
Batting: LHB Shuan-yan Wu
|
0-0: Called Strike 0-1: Ball 1-1: Ball 2-1: Called Strike 2-2: Fly out, F2 (Popup, 2L, EV 89.4 MPH)
|
Batting: LHB Andy Bordeaux
|
0-0: Ground out 4-3 (Groundball, 4, EV 83.8 MPH)
|
Batting: RHB Omar Novoa
|
0-0: Ball 1-0: Ball 2-0: Ball 3-0: Called Strike 3-1: SINGLE (Groundball, 56D, EV 102.5 MPH)
|
Batting: LHB Jim Polson
|
0-0: Called Strike 0-1: Ball 1-1: Called Strike 1-2: Foul Ball, location: 2F 1-2: SINGLE (Line Drive, 7S, EV 95.6 MPH) Omar Novoa to second Omar Novoa to third
|
Batting: RHB John Madden
|
0-0: Called Strike 0-1: Ball 1-1: Called Strike 1-2: Ball 2-2: Ball 3-2: Ground out 3-1 (Groundball, 34, EV 81.9 MPH)
|
Top of the 7th over - 0 runs, 2 hits, 0 errors, 2 left on base; South Bend 0 - Kane County 9 |
BOTTOM OF THE 7TH |
Kane County Cougars batting - Pitching for South Bend Cubs : LHP Nate George
|
Batting: RHB Jason Rivers
|
0-0: Called Strike 0-1: Fly out, F7 (Flyball, 7, EV 81.2 MPH)
|
Batting: LHB T.J. Duvall
|
0-0: Ball 1-0: Ball 2-0: Called Strike 2-1: Foul Ball, location: 2F 2-2: Ground out 4-3 (Groundball, 4, EV 90.0 MPH)
|
Batting: RHB Mike Persinger
|
0-0: Ball 1-0: Called Strike 1-1: Swinging Strike 1-2: Strikes out swinging
|
Bottom of the 7th over - 0 runs, 0 hits, 0 errors, 0 left on base; South Bend 0 - Kane County 9 |
TOP OF THE 8TH |
South Bend Cubs batting - Pitching for Kane County Cougars : RHP Travis Plesz
|
Pitching: LHP Robert Fuentes
|
|
Batting: SHB Alvaro Andrade
|
0-0: Ball 1-0: Ball 2-0: SINGLE (Groundball, 4MD, EV 99.4 MPH)
|
Batting: RHB Jason Ostrom
|
0-0: Ball 1-0: Fly out, F8 (Flyball, 8LD, EV 90.0 MPH)
|
Batting: LHB Bill Tardiff
|
0-0: Fly out, F9 (Flyball, 9, EV 83.8 MPH)
|
Batting: LHB Mike DiNardo
|
0-0: Ball 1-0: Ball 2-0: 2-RUN HOME RUN (Flyball, 89XD, EV 108.8 MPH), Distance : 409 ft
|
Batting: LHB Shuan-yan Wu
|
0-0: Ball 1-0: Ball 2-0: Ball 3-0: Base on Balls
|
Batting: LHB Andy Bordeaux
|
0-0: Ball 1-0: Swinging Strike 1-1: Ground out 4-3 (Groundball, 4, EV 97.5 MPH)
|
Top of the 8th over - 2 runs, 2 hits, 0 errors, 1 left on base; South Bend 2 - Kane County 9 |
BOTTOM OF THE 8TH |
Kane County Cougars batting - Pitching for South Bend Cubs : LHP Nate George
|
Batting: RHB Dave Vargas
|
0-0: Fly out, F9 (Flyball, 9LS, EV 91.9 MPH)
|
Batting: RHB Franklin Villanueva
|
0-0: Foul Ball, location: 2F 0-1: Swinging Strike 0-2: Strikes out looking
|
Batting: RHB Matt Maxwell
|
0-0: Ball 1-0: Called Strike 1-1: Swinging Strike 1-2: Fly out, F9 (Flyball, 9D, EV 93.8 MPH)
|
Bottom of the 8th over - 0 runs, 0 hits, 0 errors, 0 left on base; South Bend 2 - Kane County 9 |
TOP OF THE 9TH |
South Bend Cubs batting - Pitching for Kane County Cougars : LHP Robert Fuentes
|
Batting: RHB Omar Novoa
|
0-0: Ball 1-0: Ground out 3-1 (Groundball, 34, EV 81.2 MPH)
|
Batting: LHB Jim Polson
|
0-0: Ground out 5-3 (Groundball, 56, EV 83.1 MPH)
|
Batting: RHB John Madden
|
0-0: Called Strike 0-1: Swinging Strike 0-2: Foul Ball, location: 2F 0-2: Foul Ball, location: 2F 0-2: Foul Ball, location: 2F 0-2: Strikes out looking
|
Top of the 9th over - 0 runs, 0 hits, 0 errors, 0 left on base; South Bend 2 - Kane County 9 |
|